 Dungeon Crawl Stone Soup version 0.17.0-24-gcfadda4 (webtiles) character file.

40 Duskembrace the Vexing (level 3, -1/24 HPs)
             Began as a Vampire Enchanter on Nov 16, 2015.
             Slain by a gnoll
             ... wielding a +0 spear
              (7 damage)
             ... on level 2 of the Dungeon.
             The game lasted 00:04:43 (1388 turns).

Duskembrace the Vexing (Vampire Enchanter)          Turns: 1388, Time: 00:04:44

Health: -1/24      AC:  3    Str:  7    XL:     3   Next: 30%
Magic:  4/6        EV: 12    Int: 20    God:
Gold:   72         SH:  0    Dex: 15    Spells: 2 memorised, 3 levels left

rFire  . . .     SeeInvis +     j - +1 dagger (flame)
rCold  . . .     Clarity  .     b - +1 robe
rNeg   . . .     SustAt   .     (no shield)
rPois  .         Gourm    .     (no helmet)
rElec  .         Spirit   .     (no cloak)
rCorr  .         Warding  .     (no gloves)
rMut   .         Stasis   .     (no boots)
MR     .....                    (no amulet)
Stlth  +++.......               (no ring)
                                g - +3 ring of intelligence

@: regenerating quickly, not resistant to hostile enchantments, fairly stealthy
A: fangs 3, see invisible, unbreathing
a: no special abilities


You were on level 2 of the Dungeon.
You were very full.

You visited 1 branch of the dungeon, and saw 2 of its levels.

You collected 72 gold pieces.

Inventory:

Hand Weapons
 a - a +1 dagger
 j - a +1 dagger of flaming (weapon)
Armour
 b - a +1 robe (worn)
Jewellery
 g - a +3 ring of intelligence (left hand)
 m - an uncursed ring of wizardry {unknown}
Scrolls
 e - 2 scrolls of remove curse {unknown}
 f - a scroll of teleportation {unknown}
 h - a scroll of identify {unknown}
 l - 3 scrolls of enchant armour {unknown}
 n - 2 scrolls of enchant weapon {unknown}
Potions
 d - a potion of blood
 i - 2 potions of curing {unknown}
 k - a potion of magic {unknown}
Books
 c - a book of Maledictions

   Spells                             Type                      Level
   a - Corona                         Hexes                        1
   b - Ensorcelled Hibernation        Hexes/Ice                    2
   c - Confuse                        Hexes                        3
   d - Tukima's Dance                 Hexes                        3
   e - Dazzling Spray                 Conjuration/Hexes            3


   Skills:
 - Level 1.1 Short Blades
 - Level 2.1 Dodging
 + Level 5.3 Stealth
 - Level 2.0 Spellcasting
 * Level 5.8 Hexes


You had 3 spell levels left.
You knew the following spells:

 Your Spells              Type           Power        Failure   Level  Hunger
a - Corona                Hex            ####...      1%          1    #......
b - Ensorcelled Hibernat  Hex/Ice        ##....       10%         2    ##.....


Dungeon Overview and Level Annotations

Branches:
Dungeon (2/15)

Altars:


Innate Abilities, Weirdness & Mutations

Your natural rate of healing is unusually fast.
You have razor-sharp teeth.
You have supernaturally acute eyesight.
You can survive without breathing.


Message History

A gnoll comes into view. It is wielding a club.
The gnoll shouts! x3
The gnoll barely misses you. The gnoll hits you with a spear.
The gnoll barely misses you.
You hit the gnoll. You burn the gnoll.
The gnoll is moderately wounded.
The gnoll hits you but does no damage.
The gnoll hits you from afar with a halberd!
Ouch! That really hurt!
The gnoll hits you from afar with a spear.
* * * LOW HITPOINT WARNING * * *
You see here a worm corpse.
Casting: Corona
Confirm with . or Enter, or press ? or * to list all spells.
Aiming: Ensorcelled Hibernation
Press: ? - help, Shift-Dir - straight line, f - gnoll
Aim: a gnoll, wielding a spear (lightly wounded, chance to defeat MR: 52%)
The gnoll resists with significant effort.
The gnoll hits you from afar with a spear!
You die...

#....###.##>.......
######.#
#....#..).#.#######..#.#
#..
#....#...............#.#
#.#
#....#....[.########.#[#
#.#
#....#......########...#
#.#
#....#.................#
#.# #......#########..#
#.#
#......##########.######.#
#........@.gg.g.....†.....
###.#..####.......#####..#
#.#..#...........# #..#
#.#..#.##......#.# #..#
#..#...............$.#
#..####......#.####.##
#............#..# #.#
#.#####......##.# #.#
#......# .# #.#


You could see 3 gnolls.

Vanquished Creatures
  A worm (D:2)
  A giant gecko (D:1)
  2 giant cockroaches (D:1)
  3 goblins
  4 hobgoblins
  6 bats
  A giant newt (D:2)
  7 jackals (D:1)
  5 kobolds
  4 rats
34 creatures vanquished.

Notes
Turn   | Place    | Note
--------------------------------------------------------------
     0 | D:1      | Duskembrace the Vampire Enchanter began the quest for the Orb.
     0 | D:1      | Reached XP level 1. HP: 13/13 MP: 3/3
   356 | D:1      | Reached XP level 2. HP: 19/19 MP: 5/5
   363 | D:1      | Learned a level 2 spell: Ensorcelled Hibernation
   375 | D:1      | Reached skill level 5 in Hexes
   538 | D:1      | Reached skill level 5 in Stealth
   932 | D:1      | Reached XP level 3. HP: 21/24 MP: 6/6
  1388 | D:2      | Slain by a gnoll

Action                   || total
-------------------------++-------
Melee: Dagger            ||   110
 Cast: Corona            ||     6
       Ensorcelled Hiber ||     4
 Stab: Sleeping          ||    11
  Eat: Corpse            ||    10
